 Dungeon Crawl Stone Soup version 0.25-a0-346-g140ab784a8 (webtiles) character file.

Game seed: 16541117725311011307, levelgen mode: deterministic

9 BritishOli the Ducker (level 2, -5/22 HPs)
             Began as a Demonspawn Gladiator on Dec 31, 2019.
             Slain by a gnoll
             ... wielding a +0 spear
              (6 damage)
             ... on level 1 of the Dungeon.
             The game lasted 00:00:40 (59 turns).

BritishOli the Ducker (Demonspawn Gladiator)          Turns: 59, Time: 00:00:41

Health: -5/22      AC:  4    Str: 14    XL:     2   Next: 6%
Magic:  2/2        EV: 12    Int:  9    God:
Gold:   0          SH:  0    Dex: 14    Spells: 1/1 levels left

rFire    . . .     SeeInvis .   a - +0 long sword
rCold    . . .     Gourm    .   (no shield)
rNeg     . . .     Faith    .   b - +0 leather armour
rPois    .         Spirit   .   c - +0 helmet
rElec    .         Reflect  .   (no cloak)
rCorr    .         Harm     .   (no gloves)
MR       .....                  (no boots)
Stlth    +.........             (no amulet)
HPRegen  0.07/turn              (no ring)
MPRegen  0.08/turn              (no ring)

@: no status effects
A: powered by pain 1
a: no special abilities


You were on level 1 of the Dungeon.
You were not hungry.

You visited 1 branch of the dungeon, and saw 1 of its levels.

Inventory:

Hand Weapons
 a - a +0 long sword (weapon)
Missiles
 d - 3 throwing nets (quivered)
Armour
 b - a +0 leather armour (worn)
 c - a +0 helmet (worn)
Scrolls
 e - a scroll of remove curse {unknown}
Comestibles
 f - a ration


   Skills:
 + Level 2.2 Fighting
 + Level 2.8 Long Blades
 + Level 2.0 Throwing
 + Level 2.8 Dodging


You had one spell level left.
You didn't know any spells.
Your spell library was empty.

Dungeon Overview and Level Annotations

Branches:
Dungeon (1/15)

Altars:


Innate Abilities, Weirdness & Mutations

You sometimes gain a little power by taking damage.


Message History

a kobold corpse; a frilled lizard corpse You hit the jackal.
The jackal is heavily wounded.
The gnoll barely misses you. The jackal bites you.
The gnoll hits you from afar with a +0 spear.
* * * LOW HITPOINT WARNING * * *
You hit the jackal.
You kill the jackal!
The gnoll closely misses you. The jackal closely misses you.
You riposte.
You hit the jackal but do no damage. You barely miss the jackal.
The jackal bites you but does no damage.
The gnoll barely misses you. The jackal misses you.
You miss the jackal. The gnoll hits you but does no damage.
The jackal misses you.
You hit the jackal.
The jackal is heavily wounded.
The jackal bites you but does no damage.
The gnoll hits you from afar with a +0 spear.
You die...

...#. ....#. .# ###
##.###.###...# .#
##.P♣♣♣....##......#.# ..
.#.♣.........##......#....
...♣...P..P..P.##....h#
..P....P...♣...#h..h#.).#
.....P...P...♣♣#g#.>....g..
.............).#h#.##.###..
..P.P.....P..♣.@$#.# .# .
♣.....<.....♣...#.##.#.
....P.....P.♣...........
.♣..........P.........#.
.P...P...P.........####
.......P..P...P#.#.#####.
......P.♣.♣...##.........
.....P.♣.........#.#####.
.....♣P..♣.P[..#.#...


You could see a gnoll and 2 jackals.

Vanquished Creatures
  A goblin (D:1)
  A hobgoblin (D:1)
  2 jackals (D:1)
  3 kobolds (D:1)
  A frilled lizard (D:1)
8 creatures vanquished.

Notes
Turn   | Place    | Note
-------+----------+-------------------------------------------
     0 | D:1      | BritishOli the Demonspawn Gladiator began the quest for the
                  | Orb.
     0 | D:1      | Reached XP level 1. HP: 16/16 MP: 1/1
    52 | D:1      | Gained mutation: You sometimes gain a little power by
                  | taking damage. [demonic ancestry]
    52 | D:1      | Reached XP level 2. HP: 8/22 MP: 2/2
    54 | D:1      | HP: 1/22 [gnoll/+0 spear (6)]
    59 | D:1      | Slain by a gnoll

Levels and vault maps discovered:
D:1:      wander_arrival_fairy_ring, layout_loops_ring, minmay_circled_x

Skill      XL: |  1 |
---------------+----+-----
Throwing       | 2 |  2.0
Fighting       | |  2.2
Long Blades    | |  2.8
Dodging        | |  2.8

Action                   || total
-------------------------++-------
Melee: Long sword        ||    27
Armor: Leather armour    ||    20
Dodge: Dodged            ||    27
       Rpst.: Long sword ||     8

Table legend:
 A = Non-vault XP
 B = Vault XP
 C = Vault XP percentage of total XP
 D = Non-vault monster count
 E = Vault monster count
 F = Vault count percentage of total count
                 A         B        C        D         E       F
            +---------+---------+-------+---------+---------+-------
      Total |       9 |       5 |  35.7 |       5 |       3 |  37.5
            +---------+---------+-------+---------+---------+-------
        D:1 |       9 |       5 |  35.7 |       5 |       3 |  37.5
            +---------+---------+-------+---------+---------+-------
